 Dungeon Crawl Stone Soup version 0.26-a0-519-gb2f46efeda (webtiles) character file.

Game seed: 6882012226635117929

511 KristoblXynda the Ducker (level 6, -5/47 HPs)
             Began as a Vampire Gladiator on Aug 11, 2020.
             Was an Initiate of Ashenzari.
             Killed by divine providence
             ... invoked by an orc priest
              (11 damage)
             ... on level 4 of the Dungeon.
             The game lasted 00:05:37 (3370 turns).

KristoblXynda the Ducker (Vampire Gladiator)        Turns: 3370, Time: 00:05:38

Health: -5/47      AC: 11    Str: 15    XL:     6   Next: 99%
Magic:  6/6        EV: 14    Int: 11    God:    Ashenzari [......]
Gold:   255        SH:  0    Dex: 15    Spells: 5/5 levels left

rFire    . . .     SeeInvis +   a - +0 long sword
rCold    . . .     Faith    .   (no shield)
rNeg     + . .     Spirit   .   A - +2 leather armour {rN+}
rPois    .         Reflect  .   c - +0 helmet
rElec    .         Harm     .   v - +0 cloak
rCorr    .                      (no gloves)
MR       .....                  (no boots)
Stlth    ++........             f - amulet of regeneration
HPRegen  0.75/turn              h - ring of wizardry (curse)
MPRegen  0.10/turn              x - +4 ring of protection

@: regenerating quickly
A: fangs 3, see invisible, unbreathing
a: Exsanguinate, Curse Item, Renounce Religion


You were on level 4 of the Dungeon.
You worshipped Ashenzari.
Ashenzari was noncommittal.
You visited 1 branch of the dungeon, and saw 4 of its levels.

You collected 255 gold pieces.

Inventory:

Hand Weapons
 a - a +0 long sword (weapon)
Missiles
 d - 3 throwing nets (quivered)
Armour
 c - a +0 helmet (worn)
 s - a +0 buckler
 v - a +0 cloak (worn)
 A - a +2 leather armour of positive energy (worn)
Jewellery
 f - an amulet of regeneration (around neck)
 h - a cursed ring of wizardry (left hand)
 n - an uncursed ring of protection from cold
 x - a +4 ring of protection (right hand)
 y - an uncursed ring of flight
Scrolls
 g - a scroll of teleportation
 l - 4 scrolls of remove curse
 p - a scroll of amnesia
 w - a scroll of fear {unknown}
 z - a scroll of enchant weapon {unknown}
Potions
 b - a potion of flight {unknown}
 e - a potion of curing
 i - a potion of invisibility
 j - a potion of mutation
 k - a potion of might
 m - 2 potions of cancellation
 o - 2 potions of heal wounds
 q - a potion of haste
 r - a potion of berserk rage {unknown}
 t - a potion of lignification {unknown}


   Skills:
 - Level 3.3 Fighting
 + Level 4.7 Long Blades
 - Level 2.1 Throwing
 + Level 2.3 Armour
 + Level 5.1 Dodging
 + Level 2.2 Stealth


You had 5 spell levels left.
You didn't know any spells.
Your spell library was empty.

Dungeon Overview and Level Annotations

Branches:
Dungeon (4/15)
 Temple: D:4-7

Altars:
Ashenzari
Qazlal
Ru
Trog
The Shining One


Innate Abilities, Weirdness & Mutations

Your natural rate of healing is unusually fast.
You have razor-sharp teeth.
You have supernaturally acute eyesight. (SInv)
You can survive without breathing.


Message History

You kill the orc wizard!
You feel sick.
The orc priest casts a cantrip, but nothing happens.
Okay, then.
You hit the ogre but do no damage. You bite the ogre.
The ogre is lightly wounded.
The ogre barely misses you.
You hit the ogre. You bite the ogre.
The ogre is moderately wounded.
The ogre hits you with a +0 giant spiked club!!
* * * LOW HITPOINT WARNING * * *
You barely miss the ogre.
The ogre is moderately wounded.
You feel sick.
You are no longer poisoned.
The orc wizard casts a spell.
The orc wizard blinks!
The orc priest calls down the wrath of Beogh upon you.
Beogh smites you!
You die...

###..###
#....#
##...###
##<..##.#
#.#...#
....####.#
#..##.###.###
#..
####..#.....
####
#............
#
#......!.####
#........#
#.....@..#
#####O####
#o#


oo# ..ยง. ..... ....#.# ##### .# .. You could see an ogre, an orc priest and 2
orcs.

Vanquished Creatures
  Eustachio (D:4)
  A phantom (D:4)
  2 orc wizards (D:4)
  A bullfrog skeleton (D:4)
  Natasha (D:1)
  A worker ant (D:4)
  6 adders
  An adder zombie (D:2)
  4 worms
  5 leopard geckos
  8 orcs
  A giant cockroach (D:3)
  7 goblins
  7 hobgoblins
  2 jackals (D:2)
  9 kobolds
  3 quokkas
  A ball python (D:1)
  12 bats
  5 frilled lizards
  4 rats
82 creatures vanquished.

Notes
Turn   | Place    | Note
-------+----------+-------------------------------------------
     0 | D:1      | KristoblXynda the Vampire Gladiator began the quest for the
                  | Orb.
     0 | D:1      | Reached XP level 1. HP: 16/16 MP: 1/1
   220 | D:1      | Reached XP level 2. HP: 22/22 MP: 2/2
  1114 | D:2      | Noticed Natasha
  1123 | D:1      | Noticed a crimson imp
  1126 | D:1      | Killed Natasha
  1126 | D:1      | Reached XP level 3. HP: 22/27 MP: 3/3
  1165 | D:1      | Reached XP level 4. HP: 14/34 MP: 4/4
  1351 | D:2      | Reached skill level 4 in Dodging
  1541 | D:2      | Found a stormy altar of Qazlal.
  1656 | D:2      | Found a shattered altar of Ashenzari.
  1656 | D:2      | Found a sacrificial altar of Ru.
  1719 | D:2      | Became a worshipper of Ashenzari the Shackled
  2149 | D:3      | Reached skill level 1 in Armour
  2199 | D:3      | Found a glowing golden altar of the Shining One.
  2374 | D:3      | Reached XP level 5. HP: 39/39 MP: 5/5
  2685 | D:3      | Found a bloodstained altar of Trog.
  2961 | D:4      | Noticed a phantom
  3023 | D:4      | Noticed Eustachio
  3081 | D:4      | Killed Eustachio
  3081 | D:4      | Reached XP level 6. HP: 39/47 MP: 6/6
  3247 | D:4      | Reached skill level 5 in Dodging
  3247 | D:4      | Reached skill level 1 in Stealth
  3370 | D:4      | Killed from afar by an orc priest

Illustrated notes

Levels and vault maps discovered:
D:1:      onia_arrival_mini_spirals, layout_basic, serial_forest,
          infiniplex_forest_lined_2, infiniplex_forest_straight_3,
          infiniplex_forest_straight_2, infiniplex_forest_clump_double,
          infiniplex_forest_lined_corner, infiniplex_forest_lined_room_,
          interstate_on_off, st_stairs_6, chequers_serial_rivers_small_3,
          minmay_bisected
D:2:      layout_basic, gammafunk_temple_overflow_pools,
          lemuel_coloured_pillars_altar, minmay_cut_off, uniq_natasha
D:3:      layout_rooms, nicolae_tso_carved_into_rock, old_standard_altar,
          st_stairs_3, corexii_hall_statues_u
D:4:      layout_rooms, temple_doors_cd, uniq_eustachio, uniq_sigmund

Skill      XL: |  1  2  3  4  5  6 |
---------------+-------------------+-----
Fighting       | 2 3 |  3.3
Throwing       | 2 |  2.1
Dodging        | 4 5 |  5.1
Armour         | 1 2 |  2.3
Long Blades    | 4 |  4.7
Stealth        | 2 |  2.2

Action                   |  1- 3 |  4- 6 || total
-------------------------+-------+-------++-------
Melee: Long sword        |    67 |   241 ||   308
       Bite              |     6 |    37 ||    43
Invok: Curse Item        |       |     1 ||     1
  Use: Scroll            |       |     9 ||     9
       Potion            |       |     1 ||     1
 Stab: Sleeping          |     1 |     2 ||     3
Armor: Leather armour    |    19 |    57 ||    76
       Ring mail         |       |    42 ||    42
Dodge: Dodged            |    61 |   179 ||   240
       Rpst.: Long sword |    18 |    52 ||    70

Table legend: (Time is in decaauts)
 A = Elapsed time spent in this place.
 B = Non-inter-level travel time spent in this place.
 C = Inter-level travel time spent in this place.
 D = Time resting spent in this place.
 E = Time spent auto-exploring this place.
 F = Levels seen in this place.
 G = Mean time per level.
                   A        B        C        D        E       F      G
               +--------+--------+--------+--------+--------+-----+--------+
         Total |   3441 |   3302 |    139 |    420 |   2011 |   4 |  860.2 |
       Dungeon |   3441 |   3302 |    139 |    420 |   2011 |   4 |  860.2 |
               +--------+--------+--------+--------+--------+-----+--------+

Top non-repeatable levels by time:
     D:1: 1297 daAuts
     D:2: 863 daAuts
     D:3: 829 daAuts
     D:4: 450 daAuts
